 Dungeon Crawl Stone Soup version 0.29.1-1-gd02db69 (webtiles) character file.

Game seed: 13061805610848421050

214 Kel the Cudgeller (level 5, 0/38 HPs)
             Began as a Demonspawn Gladiator on Mar 21, 2023.
             Frozen to death by an endoplasm (4 damage)
             ... on level 4 of the Dungeon.
             The game lasted 00:04:37 (3040 turns).

Kel the Cudgeller (Demonspawn Gladiator)            Turns: 3040, Time: 00:04:38

Health: 0/38       AC:  6    Str: 16    XL:     5   Next: 59%
Magic:  5/5        EV: 11    Int: 10    God:
Gold:   175        SH:  0    Dex: 14    Spells: 4/4 levels left

rFire   . . .      SeeInvis .   a - +0 flail
rCold   . . .      Faith    .   (no shield)
rNeg    . . .      Spirit   .   i - +0 ring mail
rPois   .          Reflect  .   c - +0 helmet
rElec   .          Harm     .   (no cloak)
rCorr   .          Rampage  .   (no gloves)
Will    .....                   (no boots)
Stlth   +.........              (no amulet)
HPRegen 0.12/turn               (no ring)
MPRegen 0.09/turn               (no ring)

@: studying Evocations
A: demonic touch 1
a: no special abilities


You were on level 4 of the Dungeon.
You visited 1 branch of the dungeon, and saw 4 of its levels.

You collected 175 gold pieces.

Inventory:

Hand Weapons
 a - a +0 flail (weapon)
Missiles
 d - 3 throwing nets (quivered)
 e - 7 javelins
 n - 4 silver javelins
Armour
 c - a +0 helmet (worn)
 i - a +0 ring mail (worn)
Wands
 q - a wand of acid (8)
Scrolls
 b - a scroll of amnesia {unknown}
 f - a scroll of torment {unknown}
 g - a scroll of immolation {unknown}
 j - 2 scrolls of fear {unknown}
 p - 2 scrolls of vulnerability {unknown}
 r - 5 scrolls of teleportation {unknown}
 t - a scroll of acquirement {unknown}
 v - a scroll of identify {unknown}
 w - a scroll of noise {unknown}
 x - a scroll of magic mapping {unknown}
 y - a scroll of poison {unknown}
Potions
 h - a potion of haste {unknown}
 k - a potion of brilliance {unknown}
 l - a potion of berserk rage {unknown}
 m - a potion of heal wounds {unknown}
 o - 2 potions of lignification {unknown}
 s - 2 potions of curing {unknown}
 u - a potion of invisibility {unknown}


   Skills:
 - Level 2.0 Fighting
 * Level 5.4 Maces & Flails
 - Level 1.7 Throwing
 - Level 2.6 Dodging
 + Level 3.1 Evocations


You had 4 spell levels left.
You didn't know any spells.
Your spell library contained the following spells:

 Spells                   Type           Power      Damage    Failure   Level
 Necrotise                Necr           0%         1d4       58%         1
 Ensorcelled Hibernation  Hex/Ice        0%         N/A       73%         2
 Passwall                 Tmut/Erth      0%         N/A       73%         2
 Swiftness                Air            0%         N/A       91%         3
 Vampiric Draining        Necr           0%         2d6       91%         3
 Agony                    Necr           0%         N/A       100%        5
 Freezing Cloud           Conj/Ice/Air   0%         6-21      100%        5
 Simulacrum               Ice/Necr       0%         N/A       100%        6
 Polar Vortex             Ice            0%         N/A       100%        9


Dungeon Overview and Level Annotations

Branches:
Dungeon (4/15)             Temple (0/1) D:4

Altars:
Qazlal

Annotations:
D:4 Eustachio


Innate Abilities, Weirdness & Mutations

Your touch may inflict minor irresistible damage on your foes.


Message History

You hit Eustachio.
Eustachio is heavily wounded.
The quokka disappears in a puff of smoke!
The river rat disappears in a puff of smoke!
The quokka bites you but does no damage. x2
Eustachio hits you with a +0 falchion! The endoplasm hits you.
You hit Eustachio.
Eustachio is heavily wounded.
The quokka bites you but does no damage.
The quokka barely misses you. The endoplasm freezes you.
You are frozen.
Eustachio hits you but does no damage. The quokka barely misses you. x2
You hit Eustachio.
Eustachio is severely wounded.
The endoplasm barely misses you.
Eustachio casts a spell.
Eustachio blinks!
The quokka barely misses you. The quokka bites you.
* * * LOW HITPOINT WARNING * * *
You barely miss the rat. Your touch misses the rat. The quokka misses you.
The endoplasm freezes you.
You are frozen.
* * * LOW HITPOINT WARNING * * *
The quokka bites you but does no damage.
The rat barely misses you. The quokka closely misses you.
The endoplasm closely misses you. Eustachio closely misses you.
The quokka misses you.
You hit Eustachio but do no damage. Your touch misses Eustachio.
Eustachio is severely wounded.
The quokka bites you but does no damage.
The endoplasm hits you.
* * * LOW HITPOINT WARNING * * *
Eustachio hits you with a +0 falchion.
* * * LOW HITPOINT WARNING * * *
The quokka barely misses you. x2
You closely miss Eustachio.
You touch Eustachio.
Eustachio is severely wounded.
The endoplasm freezes you.
You are frozen.
You die...

.# ##### .# .....## .#
####..#### ####.#####
#..... .........
#..#.######.#.... .
#..........<#br# ⌠..
#..#.# ###..#rr#.....
#...####....J@...8⌠.>
####......#)#..#@.#.....
........#.....>#....8⌠..
..#.###........#.##....#
.##.###.#......#.# ###.#
.................# #
.##.#####......... .##.#
#.....##.#. .##.#
#...... ..


You could see Eustachio, an endoplasm, 2 quokkas, a bat (summoned) and a rat
(summoned).

Vanquished Creatures
  A necrophage (D:3)
  A hound (D:4)
  3 adders
  An ufetubus (D:3)
  5 worms
  A dart slug (D:3)
  An orc (D:4)
  7 endoplasms
  7 giant cockroaches
  10 goblins
  5 hobgoblins
  4 jackals (D:1)
  4 quokkas
  4 bats
  A frilled lizard (D:1)
  5 kobolds
  8 rats
68 creatures vanquished.

Notes
Turn   | Place    | Note
-------+----------+-------------------------------------------
     0 | D:1      | Kel the Demonspawn Gladiator began the quest for the Orb.
     0 | D:1      | Reached XP level 1. HP: 16/16 MP: 1/1
    60 | D:1      | Reached skill level 3 in Maces & Flails
   195 | D:1      | Gained mutation: Your touch may inflict minor irresistible
                  | damage on your foes. [demonic ancestry]
   195 | D:1      | Reached XP level 2. HP: 20/22 MP: 2/2
   564 | D:1      | Found a faded altar of an unknown god.
   969 | D:2      | Reached XP level 3. HP: 27/27 MP: 3/3
  1245 | D:2      | Reached skill level 4 in Maces & Flails
  1296 | D:2      | You fall into a shaft and drop 1 floor!
  1839 | D:3      | Reached XP level 4. HP: 29/33 MP: 4/4
  1950 | D:3      | Reached skill level 1 in Evocations
  2104 | D:3      | Found a faded altar of an unknown god.
  2108 | D:3      | Found a stormy altar of Qazlal.
  2453 | D:4      | Noticed a necrophage
  2477 | D:3      | Killed a necrophage
  2478 | D:3      | Reached skill level 5 in Maces & Flails
  2478 | D:3      | Reached XP level 5. HP: 13/38 MP: 5/5
  3021 | D:4      | Noticed Eustachio
  3028 | D:4      | Found a staircase to the Ecumenical Temple.
  3040 | D:4      | Frozen to death by an endoplasm

Illustrated notes

Levels and vault maps discovered:
D:1:      psy_arrival_conway, layout_rooms, dilly_ecumenical_altar_fadedgnrine
D:2:      layout_rooms
D:3:      layout_basic, nicolae_overflow_ecumenical_swirl, st_stairs_1,
          kennysheep_big_empty_room
D:4:      layout_loops_ring, mainiacjoe_overflow_paths,
          makhleb_altar_promises_db, minmay_temple_entry_drinking_statues,
          uniq_eustachio

Skill      XL: |  1  2  3  4  5 |
---------------+----------------+-----
Maces & Flails | 3 4 5 |  5.4
Evocations     | 2 3 |  3.1
Fighting       | |  2.0
Throwing       | |  1.7
Dodging        | |  2.6

Action                   |  1- 3 |  4- 6 || total
-------------------------+-------+-------++-------
Melee: Flail             |    94 |    78 ||   172
       Touch             |    18 |    12 ||    30
Armor: Ring mail         |    32 |    36 ||    68
       Leather armour    |     1 |       ||     1
Dodge: Dodged            |    48 |    85 ||   133
